Match 45142905
Unlisted

Match 45142905
End
Kradschützen Motorcycle Team
Panzergrenadier Squad
Panzergrenadier Squad
Construct Light Support Kompanie
250 Light Carrier
MG34 Team
Combat Half-tracks
Construct Mechanized Kompanie
Assault Grenadier Squad
Support Armor Elements
Selects Armored Support Battlegroup
Selects Veteran Gunners
Panzerjäger Mechanized Group
254 Reconnaissance Tractor
Panzerpioneer Squad
Selects Flammpanzer III Medium Tank
Marder III Tank Destroyer
XuZhongwei
Mr. Belly
1443943334
13811993200
StuHef
shitgameradar
myszowski
Tiltman
0
0

Comments sign in to comment!

No comments posted yet!